 Dungeon Crawl Stone Soup version 0.31-a0-507-gbafd7f5274 (webtiles) character file.

Game seed: 12310621170443077361

4708 Gelion the Mimic (level 10, -11/71 HPs)
             Began as an Octopode Shapeshifter on Aug 9, 2023.
             Was an Initiate of Gozag.
             Killed from afar by an oklob plant (25 damage)
             ... with a splash of acid
             ... while paralysed by a floating eye
             ... on level 8 of the Dungeon.
             The game lasted 00:14:12 (6440 turns).

Gelion the Mimic (Octopode Shapeshifter)            Turns: 6440, Time: 00:14:13

Health: -11/71     AC:  1    Str: 14    XL:     10   Next: 45%
Magic:  10/10      EV:  2    Int: 11    God:    Gozag
Gold:   702        SH:  0    Dex: 17    Spells: 3/9 levels left

rFire   . .          .
                       - Unarmed
rCold   . . .        (shield currently unavailable)
rNeg    . . .        (helmet restricted)
rPois   .            (no amulet)
rElec   .            f - +4 ring of protection
rCorr   .            (no ring)
SInv    .            (no ring)
Will    .....        (no ring)
Stlth   +            (no ring)
HPRegen 0.31/turn    (no ring)
MPRegen 0.12/turn    (no ring)
                     (no ring)

%: no passive effects
@: paralysed, flux-form, corroded, gold aura, glowing
A: glow, contaminating, almost no armour, amphibious, 8 rings, camouflage 1,
gelatinous body 1, (nimble swimmer 1), tentacles
a: Begin Untransformation, Renounce Religion, Potion Petition, Call Merchant,
Bribe Branch


You were on level 8 of the Dungeon.
You worshipped Gozag.
Gozag was pleased with you.
You were something dangerously unstable.
You visited 2 branches of the dungeon, and saw 10 of its levels.
You also visited: Sewer.

You collected 2063 gold pieces.
You spent 97 gold pieces at shops.
You paid 1264 gold pieces to Gozag.

Inventory:

Hand Weapons
 v - the +7 captain's cutlass {speed, disarm}
   (You took it off an orc on level 7 of the Dungeon)
Missiles
 a - a throwing net
Armour
 u - a +1 tower shield
Jewellery
 f - a +4 ring of protection (left tentacle)
 p - a ring of willpower
Talismans
 b - a beast talisman
 c - a flux talisman (active)
Wands
 g - a wand of acid (4)
 h - a wand of mindburst (9)
Scrolls
 d - a scroll of blinking
 k - 2 scrolls of silence
 m - 2 scrolls of fear
 q - a scroll of brand weapon
 r - a scroll of teleportation
 s - 2 scrolls of enchant armour
 t - a scroll of summoning
Potions
 e - 2 potions of heal wounds
 i - 5 potions of mutation
 j - 3 potions of might
 l - a potion of curing
 n - a potion of enlightenment {unknown}


   Skills:
 + Level 7.5 Fighting
 - Level 2.0 Dodging
 + Level 8.1 Unarmed Combat
 * Level 9.5 Shapeshifting


You had 3 spell levels left.
You knew the following spells:

 Your Spells              Type           Power      Damage    Failure   Level
a - Blink                 Tloc           0%         N/A       47%         2
b - Manifold Assault      Tloc           0%         N/A       98%         4

Your spell library contained the following spells:

 Spells                   Type           Power      Damage    Failure   Level
 Apportation              Tloc           0%         N/A       34%         1
 Magic Dart               Conj           0%         1d3       34%         1
 Necrotise                Necr           0%         1d4       34%         1
 Summon Small Mammal      Summ           0%         N/A       34%         1
 Cigotuvi's Dreadful Rot  Necr/Pois/Air  0%         N/A       47%         2
 Searing Ray              Conj           0%         2d4       47%         2
 Sublimation of Blood     Necr           0%         N/A       47%         2
 Wereblood                Tmut           0%         N/A       47%         2
 Summon Guardian Golem    Hex/Summ       0%         N/A       71%         3
 Dispel Undead            Necr           0%         3d6       98%         4
 Fulminant Prism          Conj/Hex       0%         3d5       98%         4
 Death Channel            Necr           0%         N/A       100%        6
 Orb of Destruction       Conj           0%         9d5       100%        7
 Spellforged Servitor     Conj/Summ      0%         N/A       100%        7
 Summon Hydra             Summ           0%         N/A       100%        7


Dungeon Overview and Level Annotations

Branches:
Dungeon (9/15)             Temple (1/1) D:5             Orc (0/2) D:9
  Sewer (visited)
   Lair: D:8-11

Altars:
Ashenzari
Cheibriados
Dithmenos
Elyvilon
Fedhas
Gozag
Hepliaklqana
Kikubaaqudgha
Makhleb
Nemelex Xobeh
Okawaru
Qazlal
Ru
Sif Muna
Trog
Uskayaw
Vehumet
Wu Jian
Xom
Yredelemnul
Zin
The Shining One

Shops:
D:3 ?   D:5 ?   D:6 ?   D:9 ?

Annotations:
D:8 exclusion: 4 oklob plants


Innate Abilities, Weirdness & Mutations

You are something dangerously unstable.
You glow with magical radiation, making you easy to see and hit.
Foes you strike become dangerously contaminated with magical radiation.
You are incapable of wielding weapons or throwing items.
You cannot wear most types of armour.
You are amphibious.
You can wear up to eight rings at the same time.
Your skin changes colour to match your surroundings (Stealth+).
Your rubbery body absorbs attacks. (AC +1, EV +1)
((You are camouflaged when in or above water. (Stealth+)))
You have tentacles for arms and can constrict up to eight enemies at once.


Message History

The killer bee stings you but does no damage.
The killer bee closely misses you.
You feel much better.
A water moccasin comes into view.
The killer bee closely misses you. The killer bee stings you!
The killer bee misses you. The killer bee closely misses you.
The killer bee barely misses you. The killer bee misses you.
The killer bee stings you.
You are poisoned.
The killer bee poisons you!
The killer bee attacks as you move away!
The killer bee stings you.
Your surroundings suddenly seem different.
A floating eye and 2 oklob plants come into view.
Found five items.
Found an escape hatch in the floor.
You feel sick.
Marking area around 2 oklob plants as unsafe for travelling. 2 oklob plants come into view.
You feel sick.
Marking area around 2 oklob plants as unsafe for travelling.
You feel sick.
The floating eye turns its gaze towards you.
The floating eye seems to glare at you.
You feel sick.
Found 16 gold pieces.
You feel sick.
You feel sick.
The floating eye gazes piercingly through you!
You suddenly lose the ability to move!
You feel sick.
You are no longer poisoned.
The floating eye seems to glare at you. The oklob plant spits acid at you.
The splash of acid hits you!
* * * LOW HITPOINT WARNING * * *
The acid corrodes you!
The floating eye gazes piercingly through you!
You shrug off the repeated paralysis!
The oklob plant spits acid at you. The splash of acid hits you!!
You die...
Your body crumbles into a pile of gold.

##.........
##..........
#........:..
#####...........
#.........P.....
#.........PPPPP.
#.......PPP).?P.
#.......PG.P.$PP
#...B...PP>.PPP.
............PPPPP..
.............PPP...
................(..
#+###.............
##+#.........
##...$... #.....


You could see an oklob plant and a floating eye.

Vanquished Creatures
  A two-headed ogre (D:7)
  Grinder (D:6)
  Prince Ribbit (D:8)
  A wyvern (D:7)
  4 yaks (D:5)
  A vampire mosquito (D:7)
  2 water moccasins
  An orc warrior (D:8)
  2 sky beasts
  5 ice beasts
  2 centaurs
  2 ogres
  3 bullfrogs
  3 scorpions
  A gnoll sergeant (D:6)
  5 wights (D:6)
  A killer bee (D:8)
  2 howler monkeys (D:7)
  3 gnoll boudas
  An orc priest (D:7)
  4 hounds
  3 jellies
  Crazy Yiuf (D:3)
  3 sleepcaps
  2 iguanas
  2 orc wizards (D:7)
  7 adders
  11 gnolls
  3 shadow imps
  2 white imps
  An ufetubus (D:5)
  3 worms
  A dart slug (D:3)
  13 orcs
  5 endoplasms
  2 giant cockroaches (D:3)
  4 goblins
  2 hobgoblins
  7 jackals
  5 kobolds
  A quokka (D:3)
  6 ball pythons
  2 bats (D:1)
  2 frilled lizards
  5 rats
139 creatures vanquished.

Notes
Turn   | Place    | Note
-------+----------+-------------------------------------------
     0 | D:1      | Gelion the Octopode Shapeshifter began the quest for the
                  | Orb.
     0 | D:1      | Reached XP level 1. HP: 13/13 MP: 1/1
    47 | D:1      | Found a faded altar of an unknown god.
   237 | D:1      | Reached XP level 2. HP: 9/18 MP: 2/2
   764 | D:2      | Reached XP level 3. HP: 23/23 MP: 3/3
  1276 | D:3      | Reached XP level 4. HP: 27/29 MP: 4/4
  1313 | D:3      | Found a glowing drain.
  1345 | Sewer    | Entered a sewer
  1385 | Sewer    | Noticed a water moccasin
  1398 | Sewer    | Killed a water moccasin
  1399 | Sewer    | Reached skill level 4 in Shapeshifting
  1399 | Sewer    | Reached XP level 5. HP: 35/35 MP: 5/5
  1529 | D:3      | Found Pamoodghi's Magic Scroll Boutique.
  1539 | D:3      | Bought a scroll of revelation for 97 gold pieces
  2216 | D:3      | Found a runed translucent door.
  2217 | D:3      | Noticed Crazy Yiuf
  2223 | D:3      | Killed Crazy Yiuf
  2224 | D:3      | Reached XP level 6. HP: 41/41 MP: 6/6
  2227 | D:3      | Identified 2 scrolls of acquirement
  2227 | D:3      | Acquired 678 gold pieces
  2231 | D:3      | Acquired 596 gold pieces
  2896 | D:5      | Entered Level 5 of the Dungeon
  2896 | D:5      | Noticed a yak
  2897 | D:5      | Noticed a yak
  2897 | D:5      | Noticed a yak
  2910 | D:5      | Killed a yak
  2911 | D:5      | Reached skill level 5 in Shapeshifting
  2911 | D:5      | Reached XP level 7. HP: 29/46 MP: 7/7
  2983 | D:5      | Noticed a yak
  3001 | D:5      | Killed a yak
  3010 | D:5      | Killed a yak
  3011 | D:5      | Reached skill level 5 in Unarmed Combat
  3014 | D:5      | Killed a yak
  3015 | D:5      | Reached skill level 6 in Shapeshifting
  3015 | D:5      | Reached XP level 8. HP: 37/54 MP: 8/8
  3088 | D:5      | Learned a level 2 spell: Blink
  3093 | D:5      | Learned a level 4 spell: Manifold Assault
  3578 | D:5      | Found a staircase to the Ecumenical Temple.
  3584 | Temple   | Entered the Ecumenical Temple
  3589 | Temple   | Became a worshipper of Gozag Ym Sagoz the Greedy
  4039 | D:6      | Reached skill level 5 in Fighting
  4348 | D:6      | Reached skill level 7 in Shapeshifting
  4444 | D:6      | Reached XP level 9. HP: 34/61 MP: 9/9
  4753 | D:6      | Noticed Grinder
  4760 | D:6      | Paralysed by Grinder for 5 turns
  4770 | D:6      | Killed Grinder
  5057 | D:6      | Reached skill level 8 in Shapeshifting
  5709 | D:7      | Noticed a two-headed ogre
  5738 | D:7      | Reached XP level 10. HP: 39/69 MP: 10/10
  5929 | D:7      | Reached skill level 9 in Shapeshifting
  6108 | D:7      | Killed a two-headed ogre
  6185 | D:7      | Noticed a green ugly thing
  6253 | D:7      | Found a shadowy altar of Dithmenos.
  6256 | D:7      | Found a glowing golden altar of the Shining One.
  6257 | D:7      | Found a glowing silver altar of Zin.
  6269 | D:7      | Found a radiant altar of Vehumet.
  6282 | D:7      | You fall into a shaft and drop 2 floors!
  6298 | D:9      | Found Muntil's Magic Scroll Emporium.
  6356 | D:8      | Noticed Prince Ribbit
  6361 | D:8      | Killed Prince Ribbit
  6432 | D:8      | Noticed an oklob plant
  6432 | D:8      | Noticed an oklob plant
  6433 | D:8      | Noticed an oklob plant
  6433 | D:8      | Noticed an oklob plant
  6437 | D:8      | Paralysed by a floating eye for 4 turns
  6440 | D:8      | Killed from afar by an oklob plant

Illustrated notes

Levels and vault maps discovered:
D:1:      saegor_arrival_fortress, layout_loops_cross,
          hellmonk_ecumenical_altar_arch_garden
D:2:      layout_basic, minmay_pentomino_w2
D:3:      layout_basic, cheibrodos_sewer_entry_drain, serial_shops, shop,
          kennysheep_boxes, uniq_crazy_yiuf_cottage
D:4:      layout_rooms
D:5:      layout_rooms, minmay_temple_entry_trees
D:6:      layout_basic, uniq_grinder
D:7:      minmay_the_grid_octo_tiled_octocenter [minmay_the_grid_octo_odd_swirl,
          minmay_the_grid_octo_focus, minmay_the_grid_octo_pinwheel,
          minmay_the_grid_octo_horde, minmay_the_grid_octo_prize_single_spiral,
          minmay_the_grid_square_5x5_bracketed,
          minmay_the_grid_square_5x5_eight_small,
          minmay_the_grid_square_5x5_corner, minmay_the_grid_square_5x5_three],
          layout_basic, nicolae_overflow_macrodata_refinement
D:8:      layout_basic, enter_ossuary_4, dk_noncrumbling_3,
          minmay_misc_feat_cross, disabler_island, uniq_prince_ribbit1
D:9:      layout_long_grid, zombieorc2_lemuel, serial_shops,
          nicolae_take_the_stairs, nicolae_shop_waterfront, shop,
          nicolae_diamond_shop, shop, serial_demonic, serial_demonic_b,
          serial_demonic_g, serial_demonic_g, serial_demonic_f,
          onia_ninara_dug_in_and_dangerous
Temple:   regret_index_temple_chain_breaker

Skill      XL: |  1  2  3  4  5  6  7  8  9 10 |
---------------+-------------------------------+-----
Fighting       | 2 3 4 5 6 7 |  7.5
Shapeshifting  | 4 5 6 7 8 9 |  9.5
Unarmed Combat | 4 5 6 7 8 |  8.1
Dodging        | |  2.0

Action                     |  1- 3 |  4- 6 |  7- 9 | 10-12 || total
---------------------------+-------+-------+-------+-------++-------
  Melee: Unarmed           |    35 |    84 |   240 |    58 ||   417
         Tentacles         |     9 |    20 |    79 |    17 ||   125
         Constrict         |     8 |    24 |    46 |    16 ||    94
         Punch             |     1 |     4 |       |       ||     5
 Invoke: Call Merchant     |       |       |     2 |       ||     2
  Evoke: Wand              |       |       |       |     8 ||     8
    Use: Scroll            |     5 |    11 |     3 |     2 ||    21
         Potion            |       |     4 |     4 |     1 ||     9
   Stab: Sleeping          |     2 |     3 |     1 |       ||     6
         Distracted        |       |       |     4 |       ||     4
 Armour: Skin              |     8 |    23 |   137 |    10 ||   178
  Dodge: Dodged            |    13 |    49 |   148 |    36 ||   246
   Form: Flux              |       |       |     1 |       ||     1

Table legend: (Time is in decaauts)
 A = Elapsed time spent in this place.
 B = Non-inter-level travel time spent in this place.
 C = Inter-level travel time spent in this place.
 D = Time resting spent in this place.
 E = Time spent auto-exploring this place.
 F = Levels seen in this place.
 G = Mean time per level.
                   A        B        C        D        E       F      G
               +--------+--------+--------+--------+--------+-----+--------+
         Total |   6401 |   6187 |    214 |    768 |   4272 |  11 |  581.9 |
       Dungeon |   6236 |   6030 |    206 |    752 |   4173 |   9 |  692.9 |
        Temple |     10 |      2 |      8 |      0 |      0 |   1 |   10.0 |
         Sewer |    154 |    154 |      0 |     16 |     99 |   1 |  154.0 |
               +--------+--------+--------+--------+--------+-----+--------+

Top non-repeatable levels by time:
     D:6: 1708 daAuts
     D:5: 1032 daAuts
     D:3: 896 daAuts
     D:1: 644 daAuts
     D:7: 610 daAuts
     D:4: 605 daAuts
     D:2: 587 daAuts
   Sewer: 154 daAuts
     D:8: 118 daAuts
     D:9: 33 daAuts
  Temple: 10 daAuts
